[Event "FIDE Women World Blitz 2021"]
[Site "Warsaw"]
[Date "2021.12.29"]
[Round "8.16"]
[White "Efimenko, Maria"]
[Black "Kashlinskaya, Alina"]
[Result "0-1"]
[ECO "C01"]
[WhiteElo "2207"]
[BlackElo "2482"]
[Annotator "ChessBase"]
[PlyCount "80"]
[EventDate "2021.12.29"]
[EventType "swiss"]
[EventCountry "POL"]
[Tiebreak "Cut1 Buchholz"]
[SourceTitle "playchess.com"]
[Source "ChessBase"]
[SourceQuality "1"]
[TimeControl "180+2"]

1. e4 e6 2. d4 d5 3. Nd2 c5 4. Ngf3 Nc6 5. exd5 exd5 6. dxc5 Bxc5 7. Nb3 Bb6 8. c3 Nf6 9. Bd3 O-O 10. O-O h6 11. h3 Re8 12. Re1 Bd7 13.
Bf4 Ne4 14. Be3 Bf5 15. Nfd4 Bg6 16. Bb5 Rc8 17. a4 Qd6 18. Nxc6 bxc6 19. Bxb6 axb6 20. Ba6 Ra8 21. Bd3 Nxf2 22. Kxf2 Qf4+ 23. Qf3 Qxf3+ 24. gxf3 Bxd3 25. Nd4 c5 26. Nc6 Kf8 27. Re3 Rxe3 28. Kxe3 Bc2 29. a5 bxa5 30. Rxa5 Rxa5 31. Nxa5 Ke7 32. Nb7 c4 33. h4 g5 34. hxg5 hxg5 35. Kd4 Bd1 36. Ke3 f5 37. Na5 Kd6 38. Kf2 Kc7 39. Ke3 Kb6 40. Nxc4+ dxc4 0-1

[Event "FIDE Women World Blitz 2021"]
[Site "Warsaw"]
[Date "2021.12.29"]
[Round "8.17"]
[White "Strutinskaia, Galina"]
[Black "Zatonskih, Anna"]
[Result "0-1"]
[ECO "A41"]
[WhiteElo "2188"]
[BlackElo "2394"]
[Annotator "NA"]
[PlyCount "60"]
[EventDate "2021.12.29"]
[EventType "swiss"]
[EventCountry "POL"]
[Tiebreak "Cut1 Buchholz"]
[SourceTitle "playchess.com"]
[Source "ChessBase"]
[SourceQuality "1"]
[TimeControl "180+2"]

1. c4 e5 2. Nf3 d6 3. Nc3 g6 4. d4 Bg7 5. dxe5 dxe5 6. Qxd8+ Kxd8 7. Bg5+ f6 8. O-O-O+ Bd7 9. Bd2 Ne7 10. e4 c6 11. c5 Kc7 12. Bc4 b5 13. cxb6+ axb6 14. a3 b5 15. Bb3 Na6 16. Be3 Rhd8 17. h3 Be8 18. g4 Bd7 19. Rhg1 g5 20. Rd2 Ng6 21. Rgd1 Bf8 22. Ng1 Bc5 23. Bxc5 Nxc5 24. Bc2 Nf4 25. Na2 Nce6 26. Kb1 Nd4 27. Nb4 Be6 28. Rc1 Kb6 29. Bd1 Rd6 30. Nc2 Rad8 0-1

[Event "FIDE Women World Blitz 2021"]
[Site "Warsaw"]
[Date "2021.12.29"]
[Round "8.18"]
[White "Cyfka, Karina"]
[Black "Osmak, Yuliia"]
[Result "0-1"]
[ECO "E15"]
[WhiteElo "2416"]
[BlackElo "2198"]
[Annotator "NA"]
[PlyCount "68"]
[EventDate "2021.12.29"]
[EventType "swiss"]
[EventCountry "POL"]
[Tiebreak "Cut1 Buchholz"]
[SourceTitle "playchess.com"]
[Source "ChessBase"]
[SourceQuality "1"]
[TimeControl "180+2"]

1. d4 Nf6 2. c4 e6 3. Nf3 b6 4. g3 Ba6 5. b3 d5 6. Bg2 c6 7. O-O Nbd7 8. Nbd2 Bd6 9. Bb2 O-O 10. Rc1 Rc8 11. Re1 Bb7 12. e4 dxe4 13. Nxe4 Nxe4 14. Rxe4 c5 15. Re1 Nf6 16. Qe2 cxd4 17. Bxd4 Qe7 18. Red1 Rfd8 19. Ne5 Bxg2 20. Kxg2 Ba3 21. Rb1 Bc5 22. Bxc5 Qxc5 23. h3 h6 24. Nd3 Qc6+ 25. Qf3 Kf8 26. Ne5 Qxf3+ 27. Kxf3 Ke7 28. Rxd8 Kxd8 29. Nxf7+ Ke7 30. Ne5 Rc7 31. Rd1 a6 32. a4 a5 33. Ke3 Rc5 34. f4 g5 0-1

[Event "FIDE Women World Blitz 2021"]
[Site "Warsaw"]
[Date "2021.12.29"]
[Round "8.19"]
[White "Muetsch, Annmarie"]
[Black "Gaboyan, Susanna"]
[Result "1-0"]
[ECO "B23"]
[WhiteElo "2279"]
[BlackElo "2253"]
[Annotator "NA"]
[PlyCount "109"]
[EventDate "2021.12.29"]
[EventType "swiss"]
[EventCountry "POL"]
[Tiebreak "Cut1 Buchholz"]
[SourceTitle "playchess.com"]
[Source "ChessBase"]
[SourceQuality "1"]
[TimeControl "180+2"]

1. e4 c5 2. Nc3 Nc6 3. Bb5 Nd4 4. Nf3 a6 5. Bd3 Nc6 6. O-O d6 7. h3 g6 8. b3 Bg7 9. Bb2 e5 10. a3 Nge7 11. Rb1 O-O 12. Be2 d5 13.
exd5 Nxd5 14. Nxd5 Qxd5 15. Bc4 Qd6 16. a4 Rb8 17. Qe2 Bf5 18.
Rbc1 h6 19. Rfe1 Rfe8 20. Nh4 Bd7 21. Qf3 Qf6 22. Qxf6 Bxf6 23. Nf3 b5 24. axb5 axb5 25. Bd5 Nb4 26. Be4 Bg7 27. c3 Nc6 28.
Ra1 f5 29. Bc2 e4 30. Nh2 Ra8 31. Nf1 b4 32. Ne3 bxc3 33. dxc3 Ne5 34. Nd5 Bc6 35. Nc7 Rxa1 36. Rxa1 Rc8 37. Ne6 Bf6 38. Nxc5 Bb5 39. Ne6 Nd3 40. Bxd3 exd3 41. Rd1 Bxc3 42. Bxc3 Rxc3 43. Nd4 Ba6 44. b4 Bb7 45. b5 Kf7 46. Rd2 Kf6 47. f4 g5 48. g3 Rc1+ 49. Kf2 Rh1 50.
Rxd3 Rxh3 51. Re3 gxf4 52. Re6+ Kf7 53. gxf4 Rd3 54. Rd6 Ke7 55. Nxf5+ 1-0

[Event "FIDE Women World Blitz 2021"]
[Site "Warsaw"]
[Date "2021.12.29"]
[Round "8.20"]
[White "Nomin-Erdene, Davaademberel"]
[Black "Kulon, Klaudia"]
[Result "0-1"]
[ECO "C56"]
[WhiteElo "2188"]
[BlackElo "2328"]
[Annotator "NA"]
[PlyCount "91"]
[EventDate "2021.12.29"]
[EventType "swiss"]
[EventCountry "POL"]
[Tiebreak "Cut1 Buchholz"]
[SourceTitle "playchess.com"]
[Source "ChessBase"]
[SourceQuality "1"]
[TimeControl "180+2"]

1. e4 e5 2. Nf3 Nc6 3. Bc4 Nf6 4. d4 exd4 5. e5 d5 6. Bb5 Nd7 7. O-O Bc5 8. Bxc6 bxc6 9. Nxd4 Nb8 10. Be3 Bb6 11. Qh5 O-O 12. Nc3 c5 13. Bg5 Qd7 14. Nf3 d4 15. Ne4 Qf5 16. Rfe1 Nc6 17. h3 Qg6 18. Qh4 Re8 19. Ng3 h6 20. Bd2 c4 21. Nh5 Bf5 22. Nf4 Qh7 23. c3 d3 24. Qg3 a5 25.
Nh5 Qg6 26. Qh4 a4 27. Nf4 Qh7 28. Nd5 Be6 29. Nf4 a3 30. bxa3 Rxa3 31. Qg3 Rea8 32. Nh4 Rxa2 33. Rad1 Rc2 34. Nh5 Kh8 35. Qf4 Raa2 36. Nf3 Qg6 37. Ng3 Bd5 38. Nf1 Ba5 39. Ne3 Bxf3 40. Qxf3 Rxd2 41. Rxd2 Rxd2 42. Nxc4 Ra2 43. Qd5 Bxc3 44. Rd1 Ra1 45. Rxa1 Bxa1 46. Ne3 0-1

[Event "FIDE Women World Blitz 2021"]
[Site "Warsaw"]
[Date "2021.12.29"]
[Round "8.21"]
[White "Mamedjarova, Turkan"]
[Black "Antolak, Julia"]
[Result "1-0"]
[ECO "A58"]
[WhiteElo "2264"]
[BlackElo "2334"]
[Annotator "NA"]
[PlyCount "65"]
[EventDate "2021.12.29"]
[EventType "swiss"]
[EventCountry "POL"]
[Tiebreak "Cut1 Buchholz"]
[SourceTitle "playchess.com"]
[Source "ChessBase"]
[SourceQuality "1"]
[TimeControl "180+2"]

1. d4 Nf6 2. c4 c5 3. d5 b5 4. cxb5 a6 5. bxa6 g6 6. Nc3 Bg7 7. e4 O-O 8. Nf3 Qa5 9. Bd2 Bxa6 10. Be2 Bxe2 11. Qxe2 Qa6 12. Qxa6 Nxa6 13. O-O e6 14. Bf4 exd5 15. exd5 Nb4 16. Bd6 Rfc8 17. Rfd1 Ra6 18. Be5 d6 19. Bg3 Nh5 20. Rd2 Nxg3 21. hxg3 Rca8 22. Nb5 Rb6 23. Nc3 Rab8 24. a3 Na6 25. Re1 h5 26. Ng5 Bh6 27. f4 Bxg5 28. fxg5 Rxb2 29. Rxb2 Rxb2 30. Re8+ Kg7 31. Ne4 Nc7 32. Rd8 Re2 33. Nf6 1-0

[Event "FIDE Women World Blitz 2021"]
[Site "Warsaw"]
[Date "2021.12.29"]
[Round "8.22"]
[White "Mamedjarova, Zeinab"]
[Black "Loskutova, Viktoriya"]
[Result "1-0"]
[ECO "D05"]
[WhiteElo "2249"]
[BlackElo "2195"]
[Annotator "NA"]
[PlyCount "106"]
[EventDate "2021.12.29"]
[EventType "swiss"]
[EventCountry "POL"]
[Tiebreak "Cut1 Buchholz"]
[SourceTitle "playchess.com"]
[Source "ChessBase"]
[SourceQuality "1"]
[TimeControl "180+2"]

1. d4 Nf6 2. Nf3 e6 3. e3 d5 4. Bd3 Bd6 5. Nbd2 b6 6. O-O Bb7 7. b3 O-O 8. Bb2 Ne4 9. Ne5 c5 10. Nxe4 dxe4 11. Bc4 Bxe5 12. dxe5 Nc6 13. Qg4 Na5 14. Rad1 Qe7 15. Bb5 Rfd8 16. Rd6 Bd5 17. Rd1 a6 18. Rxd8+ Qxd8 19. c4 axb5 20. cxd5 Qe8 21. Qxe4 Rd8 22. h4 b4 23. h5 h6 24. g4 exd5 25. Rxd5 Rxd5 26. Qxd5 Qe6 27. Qa8+ Kh7 28. Qe4+ Kg8 29. Kg2 Nc6 30. Kg3 Ne7 31. f4 Qd5 32. Qxd5 Nxd5 33. Kf3 b5 34. Ke4 Nc7 35. f5 Kf8 36. a3 bxa3 37. Bxa3 b4 38. Bb2 Ke7 39. e6 f6 40. Bc1 Kd6 41. Kd3 Nd5 42. e4 Nc3 43. Bf4+ Kc6 44. e5 Nd5 45.
Bg3 Ne7 46. exf6 gxf6 47. g5 Nxf5 48. gxh6 Nxh6 49. Bh4 f5 50. Bg5 Ng8 51. Ke3 Kd6 52. e7 Nxe7 53. Bf4+ Kd5 1-0

[Event "FIDE Women World Blitz 2021"]
[Site "Warsaw"]
[Date "2021.12.29"]
[Round "8.23"]
[White "Salimova, Nurgyul"]
[Black "Dworakowska, Joanna"]
[Result "1-0"]
[ECO "D00"]
[WhiteElo "2353"]
[BlackElo "2228"]
[Annotator "NA"]
[PlyCount "51"]
[EventDate "2021.12.29"]
[EventType "swiss"]
[EventCountry "POL"]
[Tiebreak "Cut1 Buchholz"]
[SourceTitle "playchess.com"]
[Source "ChessBase"]
[SourceQuality "1"]
[TimeControl "180+2"]

1. d4 d5 2. Nc3 Bf5 3. Bf4 c6 4. f3 Nf6 5. g4 Bg6 6. h4 h5 7. g5 Nfd7 8. e3 e6 9. Bd3 Bxd3 10. Qxd3 a6 11. Nge2 c5 12. g6 f6 13. e4 dxe4 14. Qxe4 Qb6 15. Nd5 Qa5+ 16. b4 cxb4 17. Qxe6+ Kd8 18. Bc7+ Qxc7 19. Nxc7 Kxc7 20. d5 a5 21. d6+ Bxd6 22. O-O-O Ra6 23. Qf7 Nc6 24. Rxd6 Kxd6 25. Rd1+ Kc5 26. Qxd7 1-0

[Event "FIDE Women World Blitz 2021"]
[Site "Warsaw"]
[Date "2021.12.29"]
[Round "8.24"]
[White "Kiolbasa, Oliwia"]
[Black "Badelka, Olga"]
[Result "1-0"]
[ECO "C79"]
[WhiteElo "2403"]
[BlackElo "2188"]
[Annotator "NA"]
[PlyCount "63"]
[EventDate "2021.12.29"]
[EventType "swiss"]
[EventCountry "POL"]
[Tiebreak "Cut1 Buchholz"]
[SourceTitle "playchess.com"]
[Source "ChessBase"]
[SourceQuality "1"]
[TimeControl "180+2"]

1. e4 e5 2. Nf3 Nc6 3. Bb5 Nf6 4. d3 d6 5. O-O a6 6. Ba4 b5 7. Bb3 Na5 8. Nbd2 Be7 9. c3 Nxb3 10.
Nxb3 O-O 11. a4 bxa4 12. Rxa4 Bg4 13. h3 Bh5 14. Na5 Qd7 15.
Ra1 Qb5 16. Re1 Ne8 17. Nc4 f6 18. Ra5 Qb7 19. Ne3 c6 20.
Nf5 Bg6 21. Nxe7+ Qxe7 22. Qb3+ Kh8 23. Qb6 Nc7 24. Qxc6 f5 25. Bg5 Qf7 26. Qxd6 fxe4 27. dxe4 Ne6 28. Bh4 Nf4 29. Nxe5 Qb3 30. Bg3 Qxb2 31. Bxf4 Rxf4 32. Nxg6+ 1-0

[Event "FIDE Women World Blitz 2021"]
[Site "Warsaw"]
[Date "2021.12.29"]
[Round "8.25"]
[White "Batsiashvili, Nino"]
[Black "Efroimski, Marsel"]
[Result "0-1"]
[ECO "A30"]
[WhiteElo "2491"]
[BlackElo "2419"]
[Annotator "ChessBase"]
[PlyCount "44"]
[EventDate "2021.12.29"]
[EventType "swiss"]
[EventCountry "POL"]
[Tiebreak "Cut1 Buchholz"]
[SourceTitle "playchess.com"]
[Source "ChessBase"]
[SourceQuality "1"]
[TimeControl "180+2"]

1. c4 b6 2. Nf3 Bb7 3. g3 c5 4. Bg2 Nc6 5. O-O g6 6. d4 cxd4 7. Nxd4 Bg7 8. Nf3 Rc8 9. Nc3 Na5 10. e4 Nxc4 11. Re1 Nf6 12. Nd4 d6 13.
e5 dxe5 14. Bxb7 exd4 15. Bxc8 Qxc8 16. Qxd4 O-O 17. Qh4 h5 18. Rb1 Ng4 19. Nd5 Qc5 20. Be3 Qxd5 21. Qxe7 Ncxe3 22. fxe3 Qd2 0-1

[Event "FIDE Women World Blitz 2021"]
[Site "Warsaw"]
[Date "2021.12.29"]
[Round "8.26"]
[White "Padmini, Rout"]
[Black "Hryzlova, Sofiia"]
[Result "0-1"]
[ECO "D77"]
[WhiteElo "2353"]
[BlackElo "2097"]
[Annotator "NA"]
[PlyCount "78"]
[EventDate "2021.12.29"]
[EventType "swiss"]
[EventCountry "POL"]
[Tiebreak "Cut1 Buchholz"]
[SourceTitle "playchess.com"]
[Source "ChessBase"]
[SourceQuality "1"]
[TimeControl "180+2"]

1. Nf3 Nf6 2. g3 g6 3. Bg2 Bg7 4. O-O O-O 5. d4 d5 6. c4 dxc4 7. Na3 a6 8. Nxc4 c6 9. Bd2 Nbd7 10. Nfe5 a5 11. Qe1 a4 12. Ba5 Qe8 13. Rc1 Ra6 14. a3 b5 15. Ne3 Nxe5 16. dxe5 Nd5 17. Nxd5 cxd5 18. Bc3 Be6 19. Bd4 Qb8 20. f4 Rc8 21. Qb4 Rac6 22. Rxc6 Rxc6 23. Qxe7 Rc2 24. Bf3 Bf8 25. Qh4 Qc7 26. g4 Qc4 27. Qf2 b4 28. axb4 Bxb4 29. Kg2 Rd2 30. Be3 Rxb2 31. Qh4 d4 32. Qd8+ Bf8 33. Qxd4 a3 34. Qxc4 Bxc4 35. Bd4 Rc2 36. Kf2 a2 37. Ke3 Ba3 38. Ra1 Bc1+ 39. Kf2 Bxf4 0-1

[Event "FIDE Women World Blitz 2021"]
[Site "Warsaw"]
[Date "2021.12.29"]
[Round "8.27"]
[White "Kovanova, Baira"]
[Black "Girya, Olga"]
[Result "1/2-1/2"]
[ECO "C50"]
[WhiteElo "2331"]
[BlackElo "2402"]
[Annotator "NA"]
[PlyCount "74"]
[EventDate "2021.12.29"]
[EventType "swiss"]
[EventCountry "POL"]
[Tiebreak "Cut1 Buchholz"]
[SourceTitle "playchess.com"]
[Source "ChessBase"]
[SourceQuality "1"]
[TimeControl "180+2"]

1. e4 e5 2. Nf3 Nc6 3. Bc4 Bc5 4. d3 Nf6 5. Nbd2 d6 6. h3 a5 7. c3 Be6 8. O-O O-O 9. Re1 Bxc4 10. Nxc4 a4 11. Be3 Bxe3 12. Nxe3 Ne7 13. Nh4 d5 14. Nhf5 Nxf5 15. Nxf5 dxe4 16. dxe4 Qxd1 17. Raxd1 Rfd8 18. f3 g6 19. Ne3 b5 20. a3 Kf8 21. Kf2 c6 22. Ng4 Nxg4+ 23.
hxg4 Ke7 24. Ke3 Rh8 25. g5 h6 26. gxh6 Rxh6 27. Rd2 Rd8 28. Red1 Rxd2 29. Rxd2 Rh1 30. c4 Re1+ 31. Kd3 Rc1 32. cxb5 cxb5 33. Rc2 Rxc2 34. Kxc2 Kd6 35. b4 Kc6 36. Kd3 Kd6 37. Ke3 Ke6 1/2-1/2

[Event "FIDE Women World Blitz 2021"]
[Site "Warsaw"]
[Date "2021.12.29"]
[Round "8.28"]
[White "Garifullina, Leya"]
[Black "Zawadzka, Jolanta"]
[Result "1-0"]
[ECO "B51"]
[WhiteElo "2416"]
[BlackElo "2429"]
[Annotator "NA"]
[PlyCount "55"]
[EventDate "2021.12.29"]
[EventType "swiss"]
[EventCountry "POL"]
[Tiebreak "Cut1 Buchholz"]
[SourceTitle "playchess.com"]
[Source "ChessBase"]
[SourceQuality "1"]
[TimeControl "180+2"]

1. e4 c5 2. Nf3 Nc6 3. Bb5 d6 4. O-O Nf6 5. Re1 Bd7 6. c3 a6 7. Bf1 Bg4 8. d4 Bxf3 9. gxf3 cxd4 10. cxd4 e5 11. d5 Ne7 12. Nd2 Ng6 13.
Nc4 Nh5 14. Be3 b5 15. Nb6 Rb8 16. a4 Rxb6 17. Bxb6 Qxb6 18. axb5 Be7 19. bxa6 O-O 20. a7 Ra8 21. Qa4 Bh4 22. Re2 Nhf4 23. Rc2 Qd8 24. Qc6 Nf8 25. Ra6 h6 26. Qb7 Qg5+ 27. Kh1 Qh5 28. Ra3 1-0

[Event "FIDE Women World Blitz 2021"]
[Site "Warsaw"]
[Date "2021.12.29"]
[Round "8.29"]
[White "Garcia Martin, Marta"]
[Black "Serikbay, Assel"]
[Result "1-0"]
[ECO "B30"]
[WhiteElo "2194"]
[BlackElo "2237"]
[Annotator "NA"]
[PlyCount "101"]
[EventDate "2021.12.29"]
[EventType "swiss"]
[EventCountry "POL"]
[Tiebreak "Cut1 Buchholz"]
[SourceTitle "playchess.com"]
[Source "ChessBase"]
[SourceQuality "1"]
[TimeControl "180+2"]

1. e4 c5 2. Nc3 e6 3. Nf3 Nc6 4. Bb5 Nge7 5. d4 cxd4 6. Nxd4 a6 7. Be2 Nxd4 8. Qxd4 Nc6 9. Qd3 Be7 10. Bf4 d6 11. O-O-O e5 12.
Be3 Be6 13. Nd5 Bxd5 14. Qxd5 O-O 15. Kb1 Rc8 16. Bg4 Rb8 17. g3 Qc7 18. h4 Nb4 19. Qb3 a5 20. c3 Na6 21. a4 Nc5 22.
Qc4 Qc6 23. Bxc5 dxc5 24. Bd7 Qc7 25. Rd5 Rfd8 26. Rhd1 b6 27.
h5 Rb7 28. Bc6 Rbb8 29. Bd7 Rb7 30. Bb5 Rbb8 31. Rd7 Qc8 32.
Kc2 Rxd7 33. Rxd7 Qf8 34. h6 g6 35. Qd5 Rd8 36. Qxe5 Rxd7 37. Bxd7 Bd6 38. Qf6 Be7 39.
Qf4 f6 40. Be6+ Kh8 41. e5 fxe5 42. Qxe5+ Qf6 43. Qb8+ Qf8 44. Qe5+ Qf6 45. Qe3 Bf8 46. Bc4 g5 47. Bd3 Bxh6 48. Qe8+ Qf8 49. Qe5+ Qg7 50. Qf5 Qf8 51. Qxh7# 1-0

[Event "FIDE Women World Blitz 2021"]
[Site "Warsaw"]
[Date "2021.12.29"]
[Round "8.30"]
[White "Semenova, Elena"]
[Black "Michna, Marta"]
[Result "0-1"]
[ECO "C15"]
[WhiteElo "2233"]
[BlackElo "2312"]
[Annotator "NA"]
[PlyCount "82"]
[EventDate "2021.12.29"]
[EventType "swiss"]
[EventCountry "POL"]
[Tiebreak "Cut1 Buchholz"]
[SourceTitle "playchess.com"]
[Source "ChessBase"]
[SourceQuality "1"]
[TimeControl "180+2"]

1. e4 e6 2. d4 d5 3. Nc3 Bb4 4. Nge2 Nf6 5. e5 Nfd7 6. a3 Be7 7. f4 c5 8. Be3 Nc6 9. dxc5 Nxc5 10. Nd4 Bd7 11. Be2 a6 12. O-O Rc8 13.
Nxc6 Bxc6 14. f5 exf5 15. Rxf5 Ne6 16. Bd2 d4 17. Na2 Be4 18. Rf1 Bxc2 19. Qe1 Bg6 20. Nb4 d3 21. Bf3 a5 22. Nd5 b6 23. Rc1 Rxc1 24. Qxc1 O-O 25. Nxe7+ Qxe7 26. Qc6 Qc5+ 27. Qxc5 Nxc5 28. Re1 Re8 29. Kf2 h6 30. b4 Nb3 31. Bf4 d2 32. Rh1 Rd8 33. Bd1 Nc1 34. h4 axb4
35. axb4 Nd3+ 36. Ke3 Nxb4 37. h5 Bf5 38. g4 Be6 39. Rh2 Nd5+ 40.
Ke4 Nc3+ 41. Ke3 Nxd1+ 0-1

[Event "FIDE Women World Blitz 2021"]
[Site "Warsaw"]
[Date "2021.12.29"]
[Round "8.31"]
[White "Paramzina, Anastasya"]
[Black "Berend, Elvira"]
[Result "1/2-1/2"]
[ECO "B90"]
[WhiteElo "2260"]
[BlackElo "2328"]
[Annotator "NA"]
[PlyCount "154"]
[EventDate "2021.12.29"]
[EventType "swiss"]
[EventCountry "POL"]
[Tiebreak "Cut1 Buchholz"]
[SourceTitle "playchess.com"]
[Source "ChessBase"]
[SourceQuality "1"]
[TimeControl "180+2"]

1. e4 c5 2. Nf3 d6 3. d4 cxd4 4. Nxd4 Nf6 5. Nc3 a6 6. Nb3 g6 7. Be2 Bg7 8. g4 Nc6 9. g5 Nd7 10. Be3 b5 11. Qd2 b4 12. Na4 Bb7 13.
O-O-O Na5 14. Qxb4 Nxb3+ 15. axb3 Bc6 16. f3 Rb8 17. Qa3 Bb5 18.
Rhe1 Qc7 19. Kb1 O-O 20. h4 Rfc8 21. Rc1 Qa5 22. c3 Bxa4 23.
b4 Bc2+ 24. Rxc2 Qxa3 25. bxa3 a5 26. Rec1 Nb6 27. Ka2 Ra8 28. Kb3 Rcb8 29. Bd4 Nd7 30. Bxg7 Kxg7 31. b5 Nc5+ 32. Ka2 a4 33. Rb1 Rb6 34. Rb4 Rc8 35. Rc1 f6 36. gxf6+ Kxf6 37. f4 h6 38. Rd1 Nd7 39. Rxa4 Rxc3 40. Rc4 Re3 41. Bf1 Nc5 42. e5+ Kg7 43. exd6 exd6 44. a4 Rb8 45. a5 Rxb5 46. Rxd6 Rxa5+ 47. Kb2 Rb5+ 48. Kc2 Ra5 49. Rb6 Ne6 50. Rb7+ Kf6 51. Rc6 Ra2+ 52. Rb2 Rxb2+ 53. Kxb2 Ke7 54. Rb6 Rf3 55. Bc4 Nxf4 56. Rb7+ Kd6 57. Rh7 h5 58. Rf7 Ke5 59. Re7+ Kd4 60. Bf7 Nd3+ 61. Kc2 Ne5 62. Be8 Rf2+ 63. Kb3 Rf3+ 64. Kc2 Rf4 65. Re6 Rxh4 66. Bxg6 Rh2+ 67. Kd1 Nc4 68. Re4+ Kc3 69. Ke1 h4 70. Re7 Nd2 71. Rc7+ Kb4 72. Bf5 Nf3+ 73. Kf1 Nd4 74. Bc8 Nb5 75. Rh7 Kc3 76. Kg1 Rb2 77. Rxh4 Nd4 1/2-1/2

[Event "FIDE Women World Blitz 2021"]
[Site "Warsaw"]
[Date "2021.12.29"]
[Round "8.32"]
[White "Gil Quilez, Sonia"]
[Black "Danielian, Elina"]
[Result "0-1"]
[ECO "A60"]
[WhiteElo "2122"]
[BlackElo "2450"]
[Annotator "ChessBase"]
[PlyCount "38"]
[EventDate "2021.12.29"]
[EventType "swiss"]
[EventCountry "POL"]
[Tiebreak "Cut1 Buchholz"]
[SourceTitle "playchess.com"]
[Source "ChessBase"]
[SourceQuality "1"]
[TimeControl "180+2"]

1. d4 Nf6 2. c4 c5 3. d5 e6 4. Nc3 exd5 5. cxd5 Bd6 6. Nf3 Bc7 7. e4 d6 8. Bd3 O-O 9. O-O a6 10. a4 Nbd7 11. Bg5 Re8 12. Bc2 h6 13. Bh4 Nf8 14. Re1 Ng6 15.
Bg3 Nh5 16. a5 Nxg3 17. hxg3 Bg4 18. Qd2 Bxa5 19. Qf4 Nxf4 0-1

[Event "FIDE Women World Blitz 2021"]
[Site "Warsaw"]
[Date "2021.12.29"]
[Round "8.33"]
[White "Smirnova, Ekaterina"]
[Black "Pourkashiyan, Atousa"]
[Result "0-1"]
[ECO "D36"]
[WhiteElo "2196"]
[BlackElo "2322"]
[Annotator "NA"]
[PlyCount "54"]
[EventDate "2021.12.29"]
[EventType "swiss"]
[EventCountry "POL"]
[Tiebreak "Cut1 Buchholz"]
[SourceTitle "playchess.com"]
[Source "ChessBase"]
[SourceQuality "1"]
[TimeControl "180+2"]

1. d4 Nf6 2. c4 e6 3. Nf3 d5 4. Nc3 Nbd7 5. cxd5 exd5 6. Bg5 Be7 7. e3 c6 8. Bd3 O-O 9. O-O Re8 10. Qc2 Nf8 11. h3 Be6 12. Ne5 N6d7 13.
Bxe7 Qxe7 14. f4 f6 15. Nxd7 Qxd7 16. Rae1 Re7 17. Qf2 Rae8 18. g4 h5 19. f5 Bf7 20. Qg3 Qc7 21. Qg2 Nh7 22. e4 dxe4 23.
Nxe4 Bd5 24. Qc2 hxg4 25. hxg4 Ng5 26. Bc4 Nxe4 27. Rxe4 Qg3+ 0-1

[Event "FIDE Women World Blitz 2021"]
[Site "Warsaw"]
[Date "2021.12.29"]
[Round "8.34"]
[White "Fernandez, Maria Florencia"]
[Black "Atalik, Ekaterina"]
[Result "0-1"]
[ECO "D43"]
[WhiteElo "2184"]
[BlackElo "2430"]
[Annotator "NA"]
[PlyCount "77"]
[EventDate "2021.12.29"]
[EventType "swiss"]
[EventCountry "POL"]
[Tiebreak "Cut1 Buchholz"]
[SourceTitle "playchess.com"]
[Source "ChessBase"]
[SourceQuality "1"]
[TimeControl "180+2"]

1. d4 d5 2. c4 e6 3. Nc3 c6 4. Nf3 Nf6 5. b3 Bb4 6. Qc2 Ne4 7. Bd2 Nxd2 8.
Nxd2 O-O 9. e3 Be7 10. Bd3 f5 11. O-O Bd7 12. Nf3 Be8 13. Ne5 Nd7 14. f4 Nxe5 15. fxe5 Rc8 16. c5 Kh8 17. b4 Rg8 18. a4 g5 19. b5 b6 20.
cxb6 Qxb6 21. a5 Qc7 22. Rfc1 cxb5 23. Qb2 Qb8 24. a6 b4 25. Ne2 Rxc1+ 26. Rxc1 Qb6 27. Rb1 Bd7 28. Nc1 Rb8 29. Nb3 Bb5 30. Bxb5 Qxb5 31. Ra1 Qd3 32. Re1 Rc8 33. Qe2 Qxb3 34. Qb5 Qc3 35. Rf1 Qc6 36. Qa5 Qb6 37. Qa4 Qc6 38. Qa5 b3 39. Qa1 0-1

[Event "FIDE Women World Blitz 2021"]
[Site "Warsaw"]
[Date "2021.12.29"]
[Round "8.35"]
[White "Pavlidou, Ekaterini"]
[Black "Rakhmangulova, Anastasiya"]
[Result "0-1"]
[ECO "E70"]
[WhiteElo "2177"]
[BlackElo "2174"]
[Annotator "NA"]
[PlyCount "80"]
[EventDate "2021.12.29"]
[EventType "swiss"]
[EventCountry "POL"]
[Tiebreak "Cut1 Buchholz"]
[SourceTitle "playchess.com"]
[Source "ChessBase"]
[SourceQuality "1"]
[TimeControl "180+2"]

1. d4 Nf6 2. c4 c5 3. d5 e6 4. Nc3 d6 5. e4 g6 6. Bd3 Bg7 7. h3 O-O 8. Nge2 Na6 9. O-O Nc7 10. a4 Re8 11. Qc2 Rb8 12. Bg5 b6 13. Rae1 a6 14. f4 exd5 15. exd5 b5 16. axb5 axb5 17. Nxb5 Nxb5 18. cxb5 Qb6 19. Bc4 Bf5 20. Qb3 Ne4 21. Rd1 Nxg5 22. fxg5 Re4 23. Ng3 Bd4+ 24. Kh1 Re3 25. Nxf5 Rxb3 26. Nh6+ Kh8 27. Bxb3 f5 28. gxf6 Rf8 29. f7 Qxb5 30. Rf3 Kg7 31. Ng4 Rxf7 32. Rxf7+ Kxf7 33. Bc2 Qxb2 34. Bd3 Qb3 35. Rf1+ Kg7 36. Be2 c4 37. h4 Qg3 38. h5 Qh4+ 39. Nh2 Be5 40. g3 Bxg3 0-1

[Event "FIDE Women World Blitz 2021"]
[Site "Warsaw"]
[Date "2021.12.29"]
[Round "8.36"]
[White "Kucharska, Honorata"]
[Black "Maisuradze, Nino"]
[Result "0-1"]
[ECO "A06"]
[WhiteElo "2168"]
[BlackElo "2175"]
[Annotator "NA"]
[PlyCount "110"]
[EventDate "2021.12.29"]
[EventType "swiss"]
[EventCountry "POL"]
[Tiebreak "Cut1 Buchholz"]
[SourceTitle "playchess.com"]
[Source "ChessBase"]
[SourceQuality "1"]
[TimeControl "180+2"]

1. d4 Nf6 2. Nf3 d5 3. e3 Bf5 4. Be2 c6 5. O-O e6 6. b3 h6 7. c4 Bd6 8. Bb2 Nbd7 9. Nc3 Qe7 10. Bd3 Ne4 11. c5 Bc7 12. Qc2 Nxc3 13.
Bxc3 Bxd3 14. Qxd3 f5 15. b4 b6 16. b5 cxb5 17. Qxb5 O-O 18.
c6 Nf6 19. Bb4 Bd6 20. Bxd6
Qxd6 21. Ne5 Ng4 22. Nxg4 fxg4 23. Rac1 Rac8 24. a4 Rc7 25. Rc2 Rf5 26. g3 h5 27. Rfc1 h4 28. a5 bxa5 29. Qxa5 h3 30. Qc5 Qd8 31. Rb2 Rff7 32. Rcb1 Qf6 33. Rb8+ Kh7 34. Qc2+ g6 35. Qe2 Qf5 36. Rc1 Kg7 37. Rb5 Qe4 38. f4 gxf3 39. Qf2 Qd3 40. Rbc5 g5 41. R5c3 Qe4 42. Rf1 g4 43. Qc2 Rf8 44. Qxe4 dxe4 45. Rb1 Rfc8 46. Rb7 Kf6 47. Rxc7 Rxc7 48. Rc5 Ke7 49. Re5 Rxc6 50. Rxe4 Rc1+ 51. Kf2 Rc2+ 52. Kf1 Rxh2 53. Rxg4 Rg2 54. Rh4 h2 55. g4 Rg1+ 0-1

[Event "FIDE Women World Blitz 2021"]
[Site "Warsaw"]
[Date "2021.12.29"]
[Round "8.37"]
[White "Sandu, Mihaela"]
[Black "Yakimova, Mariya"]
[Result "1-0"]
[ECO "B33"]
[WhiteElo "2244"]
[BlackElo "2219"]
[Annotator "NA"]
[PlyCount "63"]
[EventDate "2021.12.29"]
[EventType "swiss"]
[EventCountry "POL"]
[Tiebreak "Cut1 Buchholz"]
[SourceTitle "playchess.com"]
[Source "ChessBase"]
[SourceQuality "1"]
[TimeControl "180+2"]

1. e4 c5 2. Nf3 Nc6 3. d4 cxd4 4. Nxd4 Nf6 5. Nc3 e5 6.
Ndb5 d6 7. Bg5 a6 8. Na3 b5 9. Nd5 Be7 10. Bxf6 Bxf6 11. c3 Ne7 12. Nxf6+ gxf6 13. Nc2 f5 14. exf5 Bxf5 15. Ne3 Be6 16. Qh5 Qb6 17. g3 O-O-O 18. Bg2 f5 19. Qh6 d5 20. O-O Ng6 21. a4 d4 22. cxd4 exd4 23.
axb5 dxe3 24. Rxa6 exf2+ 25. Kh1 Qxb5 26. Rxe6 Rhe8 27. Rc6+ Kb8 28. Qxh7 Ne7 29. Re6 Nd5 30. Rxe8 Rxe8 31. Qxf5 Ne3 32. Qxb5+ 1-0